 Dungeon Crawl Stone Soup version 0.18-a0-750-g37044d6 (webtiles) character file.

7173 homeworkjunkie the Cleaver (level 11, -7/95 HPs)
             Began as a Hill Orc Fighter on Dec 11, 2015.
             Was a Priest of Okawaru.
             Mangled by a thrashing horror (11 damage)
             ... on level 1 of the Abyss.
             The game lasted 00:21:06 (8882 turns).

homeworkjunkie the Cleaver (Hill Orc Fighter)       Turns: 8882, Time: 00:21:06

Health: -7/95      AC: 22    Str: 23    XL:     11   Next: 11%
Magic:  24/24      EV:  6    Int: 13    God:    Okawaru [***...]
Gold:   103        SH: 12    Dex: 10    Spells: 0 memorised, 10 levels left

rFire  . . .     SeeInvis +     o - +4 war axe
rCold  . . .     Clarity  .     f - +2 plate armour {MR+}
rNeg   + . .     SustAt   .     c - +0 shield
rPois  .         Gourm    .     D - +3 hat of Pondering {ponderous, MR+ MP+10 Int+5}
rElec  .         Spirit   .     n - +1 cloak
rCorr  .         Dismiss  .     (no gloves)
rMut   .         Stasis   .     p - +0 pair of boots
MR     ++...                    t - amulet of rage
Stlth  ..........               w - ring of see invisible
                                z - ring of positive energy

@: slow, very resistant to hostile enchantments, extremely unstealthy
A: subdued magic 1
a: Heroism, Renounce Religion, Evoke Berserk Rage


You were on level 1 of the Abyss.
You worshipped Okawaru.
Okawaru was most pleased with you.
You were full.

You visited 2 branches of the dungeon, and saw 12 of its levels.
You visited the Abyss 1 time.

You collected 581 gold pieces.
You spent 478 gold pieces at shops.

Inventory:

Hand Weapons
 o - a +4 war axe (weapon)
Armour
 c - a +0 shield (worn)
 f - a +2 plate armour of magic resistance (worn)
 n - a +1 cloak (worn)
 p - a +0 pair of boots (worn)
 s - a +0 helmet
 D - the +3 hat of Pondering (worn) {ponderous, MR+ MP+10 Int+5}
   (You bought it in a shop on level 8 of the Dungeon)

   It affects your intelligence (+5).
   It affects your resistance to hostile enchantments.
   It affects your magic capacity (+10).
Jewellery
 m - an uncursed ring of sustain attributes
 t - an amulet of rage (around neck)
 w - a ring of see invisible (right hand)
 z - a ring of positive energy (left hand)
 F - a +5 ring of slaying {unknown}
Wands
 v - a wand of heal wounds (2)
 y - a wand of cold (1)
 C - a wand of paralysis (0)
Scrolls
 a - a scroll of identify
 i - a scroll of immolation
 r - 2 scrolls of fear
 u - 6 scrolls of teleportation
 A - 2 scrolls of blinking
 B - a scroll of recharging
 E - a scroll of remove curse
Potions
 d - a potion of magic
 g - 5 potions of lignification
 h - 2 potions of heal wounds
 j - 2 potions of brilliance
 k - a potion of resistance
 l - 2 potions of curing
 q - a potion of cure mutation
Comestibles
 b - a meat ration
 e - 9 bread rations


   Skills:
 * Level 8.7 Fighting
 * Level 11.1 Axes
 * Level 7.7 Armour
 + Level 1.8 Dodging
 * Level 4.9 Stealth
 * Level 9.8 Shields
 * Level 4.3 Evocations


You had 10 spell levels left.
You didn't know any spells.

Dungeon Overview and Level Annotations

Branches:
Dungeon (11/15)            Temple (1/1) D:5             Orc (0/4) D:10
   Lair: D:8-11

Altars:
Ashenzari
Cheibriados
Dithmenos
Elyvilon
Fedhas
Gozag
Kikubaaqudgha
Makhleb
Nemelex Xobeh
Okawaru
Pakellas
Qazlal
Ru
Sif Muna
Trog
Vehumet
Xom
Yredelemnul
Zin
The Shining One
Jiyva

Shops:
D:8 [   D:10 %


Innate Abilities, Weirdness & Mutations

Your spells are a little easier to cast, but a little less powerful.


Message History

You block the thrashing horror's attack.
The thrashing horror tramples you but does no damage.
The thrashing horror tramples you!
* * * LOW HITPOINT WARNING * * *
You hold your ground!
The thrashing horror tramples you but does no damage.
The thrashing horror tramples you!
* * * LOW HITPOINT WARNING * * *
You hold your ground!
You block the thrashing horror's attack.
The thrashing horror roars!
The thrashing horror tramples you but does no damage.
The thrashing horror tramples you.
* * * LOW HITPOINT WARNING * * *
You hold your ground!
The thrashing horror tramples you.
* * * LOW HITPOINT WARNING * * *
You hold your ground!
The thrashing horror tramples you but does no damage.
The thrashing horror tramples you!
You die...

# #.## ##..#
#..#.##
#...@##
##.#XX##
#.##...# #.
#.#.#.# ..
#.#..... .#
##3###..##
#.J# #..#
##X#... ....
#..#.#.#ยง#.#


You could see a starcursed mass, 2 thrashing horrors, a chaos spawn and a jelly.

Vanquished Creatures
  A shadow wraith (Abyss:1)
  An unseen horror (D:9)
  The ghost of Uberwunderbarhen the Ducker, a novice OpFi (D:7)
  Maurice (D:9)
  Joseph (D:7)
  A raiju (Abyss:1)
  A small abomination (Abyss:1)
  A spriggan (D:9)
  2 wyverns (D:9)
  A neqoxec (Abyss:1)
  2 hungry ghosts (D:10)
  A hippogriff (D:9)
  Duvessa (D:7)
  A sky beast (D:6)
  A phantom (D:4)
  3 orc warriors
  A black bear (D:9)
  2 centaurs
  3 ogres
  3 giant frogs
  A big kobold (D:7)
  A gnoll sergeant (D:7)
  Dowan (D:7)
  4 scorpions
  A wyvern skeleton (D:10)
  A water moccasin skeleton (D:7)
  4 wights (D:8)
  3 killer bees (D:10)
  5 crimson imps
  A quasit (D:7)
  A giant frog zombie (D:9)
  A centaur zombie (D:9)
  4 hounds
  4 jellies
  5 orc priests
  2 giant frog skeletons (D:5)
  11 orc wizards
  4 iguanas
  8 worker ants
  A sheep (D:8)
  12 gnolls
  7 adders
  An ooze (D:6)
  An adder zombie (D:8)
  4 giant geckos
  39 orcs
  2 ball pythons
  5 giant cockroaches
  13 goblins
  4 hobgoblins
  18 jackals
  6 kobolds
  7 quokkas
  13 bats
  3 giant newts
  A quokka zombie (D:5)
  8 rats
236 creatures vanquished.

Notes
Turn   | Place    | Note
--------------------------------------------------------------
     0 | D:1      | homeworkjunkie the Hill Orc Fighter began the quest for the Orb.
     0 | D:1      | Reached XP level 1. HP: 19/19 MP: 1/1
   106 | D:1      | Reached XP level 2. HP: 24/27 MP: 2/2
   126 | D:1      | Reached skill level 4 in Fighting
   309 | D:3      | Found a faded altar to an unknown god.
   396 | D:2      | Reached XP level 3. HP: 30/33 MP: 3/3
   586 | D:5      | Entered Level 5 of the Dungeon
   594 | D:5      | Reached XP level 4. HP: 40/40 MP: 4/4
   599 | D:5      | Reached skill level 1 in Stealth
   624 | D:5      | Reached XP level 5. HP: 40/47 MP: 5/5
   808 | D:5      | Found a deep blue altar of Sif Muna.
   838 | D:5      | Found an oddly glowing altar of Pakellas.
   869 | D:5      | Found a staircase to the Ecumenical Temple.
   905 | Temple   | Entered the Ecumenical Temple
  1063 | D:5      | Found a blossoming altar of Fedhas.
  1068 | D:6      | Noticed a centaur
  1076 | D:6      | Killed a centaur
  1076 | D:6      | Reached skill level 1 in Dodging
  1076 | D:6      | Reached skill level 5 in Shields
  1076 | D:6      | Reached XP level 6. HP: 48/53 MP: 6/6
  1395 | D:7      | Reached skill level 5 in Fighting
  1470 | D:6      | Reached XP level 7. HP: 59/61 MP: 7/7
  1495 | D:6      | Reached skill level 5 in Axes
  2635 | D:2      | Found a radiant altar of Vehumet.
  2635 | D:2      | Found a glowing silver altar of Zin.
  2640 | D:2      | Found a glowing golden altar of the Shining One.
  3200 | D:3      | You fall through a shaft for 2 floors!
  3823 | D:4      | Reached skill level 6 in Shields
  3833 | D:4      | Reached skill level 5 in Armour
  4114 | D:4      | Reached XP level 8. HP: 58/70 MP: 8/8
  5350 | D:7      | Noticed Joseph
  5350 | D:7      | Noticed Duvessa
  5350 | D:7      | Noticed Dowan
  5474 | D:8      | Reached skill level 7 in Axes
  5482 | D:8      | Found a shadowy altar of Dithmenos.
  5560 | D:8      | Reached skill level 1 in Evocations
  5756 | D:8      | Found a snail-covered altar of Cheibriados.
  5785 | D:8      | Found a bloodstained altar of Trog.
  5817 | D:8      | Reached XP level 9. HP: 73/78 MP: 9/9
  6077 | D:7      | Found a sacrificial altar of Ru.
  6207 | D:7      | Reached skill level 8 in Axes
  6259 | D:7      | Killed Joseph
  6303 | D:7      | Killed Dowan
  6312 | D:7      | Killed Duvessa
  6526 | D:7      | Noticed Uberwunderbarhen's ghost (novice OpFi)
  6545 | D:7      | Killed Uberwunderbarhen's ghost
  6545 | D:7      | Reached skill level 9 in Axes
  7035 | D:7      | Found an iron altar of Okawaru.
  7035 | D:7      | Found a white marble altar of Elyvilon.
  7042 | D:7      | Became a worshipper of Warmaster Okawaru
  7383 | D:8      | Reached XP level 10. HP: 56/86 MP: 11/11
  7542 | D:8      | Found Vemutup's Antique Armour Emporium.
  7545 | D:8      | Bought the +3 hat of Pondering {ponderous, MR+ MP+10 Int+5} for 478 gold pieces
  7724 | D:8      | Found a bloodstained altar of Trog.
  7832 | D:10     | Entered Level 10 of the Dungeon
  7881 | D:9      | Noticed Maurice
  7895 | D:9      | Killed Maurice
  7895 | D:9      | Reached * piety under Okawaru
  7895 | D:9      | Reached skill level 10 in Axes
  8141 | D:9      | Found a shimmering altar of Xom.
  8481 | D:9      | Noticed an unseen horror
  8492 | D:9      | Killed an unseen horror
  8492 | D:9      | Reached ** piety under Okawaru
  8566 | D:10     | Found Xeki's Food Shoppe.
  8721 | D:10     | Found a staircase to the Orcish Mines.
  8725 | D:10     | Cast into level 1 of the Abyss (orc)
  8771 | Abyss:1  | Gained mutation: Your spells are a little easier to cast, but a little less powerful. [a neqoxec]
  8787 | Abyss:1  | Noticed a shadow wraith
  8799 | Abyss:1  | Killed a shadow wraith
  8799 | Abyss:1  | Reached *** piety under Okawaru
  8799 | Abyss:1  | Reached skill level 11 in Axes
  8799 | Abyss:1  | Reached XP level 11. HP: 47/95 MP: 14/14
  8834 | Abyss:1  | Noticed a thrashing horror
  8840 | Abyss:1  | Noticed a starcursed mass
  8852 | Abyss:1  | Noticed a thrashing horror
  8882 | Abyss:1  | HP: 4/95 [thrashing horror (5)]
  8882 | Abyss:1  | Mangled by a thrashing horror

Vault maps used:
D:1:      dpeg_arrival_lava_temple_mockup, kennysheep_decorative_pillar,
          minmay_misc_feat_pillars
D:2:      minitemple, roderic_serpentine_path, hangedman_abyss_or_decor_stabs
D:3:      ecumenical_altar_1
D:4:      kennysheep_small_spiral
D:5:      marbit_many_paths, fedhas_altar_1, lemuel_doored_altar,
          temple_statues, first_bread
D:7:      nicolae_ru_path_of_blood, amethyst_overflow_temple_binary,
          uniq_joseph, uniq_duvessa
D:8:      bloody_trog, grunt_dithmenos_smoke, old_standard_altar, serial_shops,
          kennysheep_mini, trog_butcher_becter
D:9:      tgw_xom, the_bakery, uniq_maurice
D:10:     lair_0_dummy, david_orc_2, serial_shops, shop
D:11:     minmay_weird_star
Temple:   pf_slime_end_temple

Action                   |  1- 3 |  4- 6 |  7- 9 | 10-12 || total
-------------------------+-------+-------+-------+-------++-------
Melee: War axe           |    92 |    95 |   602 |   190 ||   979
Evoke: Wand              |       |       |     4 |     3 ||     7
  Use: Scroll            |     4 |     2 |    18 |     2 ||    26
       Potion            |     1 |       |       |     3 ||     4
  Eat: Fruit             |       |     4 |     1 |       ||     5
       Meat ration       |       |     1 |       |     1 ||     2
       Bread ration      |       |       |     2 |     2 ||     4
       Pizza             |       |       |     1 |       ||     1
       Beef jerky        |       |       |     2 |     1 ||     3
